 Dungeon Crawl Stone Soup version 0.20.1-1-g8b1a95d (webtiles) character file.

487 Knicklaso the Chiller (level 7, 0/46 HPs)
             Began as a Formicid Ice Elementalist on July 15, 2017.
             Was a Follower of Vehumet.
             Slain by a phantom (7 damage)
             ... on level 4 of the Dungeon.
             The game lasted 00:20:34 (4380 turns).

Knicklaso the Chiller (Formicid Ice Elementalist)   Turns: 4380, Time: 00:20:34

Health: 0/46       AC:  4    Str: 12    XL:     7   Next: 36%
Magic:  0/10       EV: 17    Int: 17    God:    Vehumet [*.....]
Gold:   170        SH:  0    Dex: 16    Spells: 6/10 levels left

rFire    . . .     SeeInvis +   g - +0 dagger (curse)
rCold    . . .     Gourm    .   (no shield)
rNeg     . . .     Faith    .   a - +0 robe
rPois    +         Spirit   .   (helmet unavailable)
rElec    .         Reflect  .   (no cloak)
rCorr    .         Harm     .   s - +0 pair of gloves
MR       .....                  q - +0 pair of boots
Stlth    +++.......             j - amulet of magic regeneration
Regen    0.2/turn               (no ring)
MPRegen  0.2/turn               (no ring)

@: agile
A: permanent stasis, dig shafts and tunnels, four strong arms, antennae 3,
hooves 1, poison resistance
a: Dig, Shaft Self, Renounce Religion


You were on level 4 of the Dungeon.
You worshipped Vehumet.
Vehumet was aware of your devotion.
You were very hungry.

You visited 1 branch of the dungeon, and saw 4 of its levels.

You collected 170 gold pieces.

Inventory:

Hand Weapons
 g - a cursed +0 dagger (weapon)
 p - a +3 dagger
Armour
 a - a +0 robe (worn)
 q - a +0 pair of boots (worn)
 s - a +0 pair of gloves (worn)
Magical Staves
 d - an uncursed staff of conjuration {unknown}
Jewellery
 j - an amulet of magic regeneration (around neck)
 o - an uncursed amulet of guardian spirit
Scrolls
 e - a scroll of teleportation
 f - 2 scrolls of identify
Books
 b - a book of Frost

   Spells                             Type                      Level
   a - Freeze                         Ice                          1
   b - Throw Frost                    Conjuration/Ice              2
   c - Ozocubu's Armour               Charms/Ice                   3
   d - Throw Icicle                   Conjuration/Ice              4
   e - Summon Ice Beast               Ice/Summoning                4
 t - a book of Callings

   Spells                             Type                      Level
   a - Summon Small Mammal            Summoning                    1
   b - Call Imp                       Summoning                    2
   c - Call Canine Familiar           Summoning                    3
   d - Summon Guardian Golem          Hexes/Summoning              3
   e - Summon Lightning Spire         Summoning/Air                4
   f - Summon Ice Beast               Ice/Summoning                4
Comestibles
 c - 6 bread rations
 h - 3 royal jellies
 i - 3 meat rations


   Skills:
 - Level 1.7 Dodging
 - Level 2.4 Stealth
 - Level 2.1 Spellcasting
   Level 0.8 Conjurations
 + Level 0.2 Charms
 + Level 7.9 Ice Magic


You had 6 spell levels left.
You knew the following spells:

 Your Spells              Type           Power        Failure   Level  Hunger
a - Freeze                Ice            ####         1%          1    #......
b - Ozocubu's Armour      Chrm/Ice       ###.....     11%         3    ###....


Dungeon Overview and Level Annotations

Branches:
Dungeon (4/15)             Temple (0/1) D:4

Altars:
Gozag
Nemelex Xobeh
Vehumet
Xom


Innate Abilities, Weirdness & Mutations

You cannot be hasted, slowed, berserked, paralysed or teleported.
You can dig through walls and to a lower floor.
Your four strong arms can wield two-handed weapons with a shield.
You have a pair of large antennae on your head. (SInv)
You have large cloven feet.
Your system is resistant to poisons. (rPois)


Message History

Casting: Freeze
Confirm with . or Enter, or press ? or * to list all spells.
Aiming: Freeze
Press: ? - help, Shift-Dir - straight line, f/p - phantom
Aim: a phantom (lightly damaged)
You freeze the phantom.
The phantom completely resists.
The phantom is lightly damaged.
The phantom closely misses you.
Casting: Freeze
Confirm with . or Enter, or press ? or * to list all spells.
Aiming: Freeze
Press: ? - help, Shift-Dir - straight line, f/p - phantom
Aim: a phantom (lightly damaged)
You freeze the phantom.
The phantom resists.
The phantom is lightly damaged.
The phantom misses you.
You retract your mandibles.
You hit the phantom.
The phantom is lightly damaged.
The phantom hits you!
You die...

#############
.)..........#########
.##########....W@...#
...## ###########
.#..# ..#.##
#....######
###......<#
####.S..#.#
..##.>..#(#
..........#########


You could see a phantom.

Vanquished Creatures
  Edmund (D:4)
  The ghost of Knicklaso the Ruffian, an amateur DrTm (D:3)
  An ogre (D:4)
  A howler monkey (D:4)
  A hound (D:4)
  5 adders
  2 oozes
  4 worms
  3 dart slugs
  A leopard gecko (D:1)
  4 orcs (D:3)
  2 ball pythons (D:1)
  6 giant cockroaches
  7 goblins
  4 hobgoblins (D:3)
  7 jackals
  2 quokkas
  7 bats
  9 frilled lizards
  A jackal zombie (D:4)
  6 kobolds
  A quokka zombie (D:3)
  4 rats
80 creatures vanquished.

Vanquished Creatures (others)
  An orc wizard (D:4)
  A giant cockroach (D:4)
  A quokka (D:4)
3 creatures vanquished.

Grand Total: 83 creatures vanquished

Notes
Turn   | Place    | Note
-------+----------+-------------------------------------------
     0 | D:1      | Knicklaso the Formicid Ice Elementalist began the quest for the Orb.
     0 | D:1      | Reached XP level 1. HP: 13/13 MP: 3/3
   266 | D:1      | Reached XP level 2. HP: 8/19 MP: 0/5
   995 | D:2      | Reached skill level 4 in Ice Magic
   995 | D:2      | Reached XP level 3. HP: 24/24 MP: 6/6
  1068 | D:2      | Found a sparkling altar of Nemelex Xobeh.
  1068 | D:2      | Found an opulent altar of Gozag.
  1440 | D:2      | Reached XP level 4. HP: 22/30 MP: 3/7
  1961 | D:2      | Found a radiant altar of Vehumet.
  1969 | D:2      | Became a worshipper of Vehumet
  2060 | D:3      | Reached skill level 5 in Ice Magic
  2251 | D:3      | Noticed Knicklaso's ghost (amateur DrTm)
  2689 | D:3      | Reached XP level 5. HP: 31/35 MP: 4/8
  2861 | D:3      | Killed Knicklaso's ghost
  2861 | D:3      | Reached skill level 6 in Ice Magic
  2861 | D:3      | Reached XP level 6. HP: 19/41 MP: 2/9
  3048 | D:3      | Reached * piety under Vehumet
  3048 | D:3      | Offered knowledge of Sandblast by Vehumet.
  3820 | D:4      | Noticed an ogre
  3846 | D:4      | Killed an ogre
  3846 | D:4      | Reached skill level 7 in Ice Magic
  3883 | D:4      | Learned a level 3 spell: Ozocubu's Armour
  4000 | D:4      | Found a staircase to the Ecumenical Temple.
  4216 | D:4      | Found a shimmering altar of Xom.
  4250 | D:4      | Noticed a phantom
  4268 | D:4      | Reached XP level 7. HP: 46/46 MP: 3/10
  4292 | D:4      | Noticed Edmund
  4311 | D:4      | Gained mutation: You have large cloven feet. [potion of mutation]
  4311 | D:4      | Gained mutation: Your system is resistant to poisons. (rPois) [potion of mutation]
  4334 | D:4      | Killed Edmund
  4380 | D:4      | Slain by a phantom

Skill      XL: |  1  2  3  4  5  6 |
---------------+-------------------+-----
Ice Magic      | 4 5 6 7 |  7.9
Dodging        | |  1.7
Stealth        | |  2.4
Spellcasting   | |  2.1
Conjurations   | |  0.8
Charms         | |  0.2

Action                   |  1- 3 |  4- 6 |  7- 9 || total
-------------------------+-------+-------+-------++-------
Melee: Whip              |    11 |       |       ||    11
       Unarmed           |     4 |       |       ||     4
       Dagger            |     7 |    24 |    33 ||    64
 Cast: Freeze            |    32 |   115 |    24 ||   171
 Abil: Dig               |       |       |     1 ||     1
  Use: Scroll            |       |     5 |     1 ||     6
       Potion            |       |       |     6 ||     6
 Stab: Sleeping          |     3 |     6 |       ||     9
  Eat: Chunk             |     2 |    10 |       ||    12
Armor: Robe              |     5 |    17 |    14 ||    36
Dodge: Dodged            |    25 |    65 |    44 ||   134
